 Dungeon Sprint DCSS version 0.29-a0-221-gceb61267dd (webtiles) character file.

Game seed: 8175377543463794958

1232 mhtbhm the Basher (level 8, -2/57 HPs)
             Began as a Gargoyle Fighter on Feb 26, 2022.
             Was an Initiate of Gozag.
             Slain by a two-headed ogre
             ... wielding a +0 giant club
              (9 damage)
             ... in the Dungeon (Sprint III: "The Ten Rune Challenge").
             The game lasted 00:02:15 (1405 turns).

mhtbhm the Basher (Gargoyle Fighter)                Turns: 1405, Time: 00:02:15

Health: -2/57      AC: 16    Str: 23    XL:     8   Next: 48%
Magic:  8/8        EV: 10    Int: 10    God:    Gozag
Gold:   585        SH:  5    Dex:  9    Spells: 7/7 levels left

rFire   . . .      SeeInvis .   a - +0 flail
rCold   . . .      Faith    .   c - +0 buckler
rNeg    + . .      Spirit   .   b - +0 scale mail
rPois   ∞          Reflect  .   (no helmet)
rElec   +          Harm     .   d - +1 cloak
rCorr   .          Rampage  .   (no gloves)
Will    .....      Rage     1%  (no boots)
Stlth   .......... NoTele   +   (no amulet)
HPRegen 0.19/turn               (no ring)
MPRegen 0.11/turn               (no ring)

@: flying
A: sickness immunity, AC +5, negative energy resistance 1, electricity
resistance, torment resistance 1, petrification resistance, big wings, berserk
1, strong 1
a: Renounce Religion, Potion Petition, Call Merchant, Bribe Branch


You were in the Dungeon.
You worshipped Gozag.
Gozag was pleased with you.
You visited 1 branch You collected 585 gold pieces.

Inventory:

Hand Weapons
 a - a +0 flail (weapon)
Armour
 b - a +0 scale mail (worn)
 c - a +0 buckler (worn)
 d - a +1 cloak (worn)
Scrolls
 j - a scroll of blinking
 k - 2 scrolls of identify
 m - a scroll of immolation
 n - a scroll of holy word
Potions
 e - 2 potions of curing
 h - 2 potions of magic
 l - 2 potions of mutation
 o - 2 potions of flight
Miscellaneous
 g - a phial of floods


   Skills:
 + Level 9.6 Fighting
 + Level 11.7 Maces & Flails
 + Level 10.0 Armour
 + Level 2.1 Dodging
 + Level 2.2 Stealth
 + Level 8.2 Shields
 + Level 0.4 Evocations


You had 7 spell levels left.
You didn't know any spells.
Your spell library contained the following spells:

 Spells                   Type           Power      Damage    Failure   Level
 Sandblast                Erth           0%         2d4       71%         1
 Passwall                 Tmut/Erth      0%         N/A       83%         2
 Stone Arrow              Conj/Erth      0%         3d7       97%         3


Dungeon Overview and Level Annotations

Branches:
Dungeon (1/1)

Altars:
Cheibriados
Dithmenos
Elyvilon
Fedhas
Gozag
Hepliaklqana
Kikubaaqudgha
Makhleb
Nemelex Xobeh
Qazlal
Ru
Sif Muna
Vehumet
Xom
Yredelemnul
Zin
The Shining One
Jiyva
Lugonu


Innate Abilities, Weirdness & Mutations

You are immune to sickness and miasma.
Your stone body is resilient. (AC +5)
You are immune to poison.
You resist negative energy. (rN+)
You are resistant to electric shocks. (rElec)
You are resistant to unholy torment.
You are immune to petrification.
Your large and strong wings let you fly.
You tend to lose your temper in combat.
Your muscles are strong. (Str +2)


Message History

You start resting.
A two-headed ogre comes into view.
It is wielding a +0 giant club and a +0 giant spiked club.
A two-headed ogre is nearby!
A two-headed ogre is nearby!
The two-headed ogre shouts in stereo!
There is an open door here.
There is an open door here.
You feel much better. You block the two-headed ogre's attack.
The two-headed ogre hits you with a +0 giant spiked club!
You barely miss the two-headed ogre. You hit the two-headed ogre.
The two-headed ogre is lightly wounded.
The two-headed ogre barely misses you.
The two-headed ogre hits you with a +0 giant spiked club.
You barely miss the two-headed ogre.
The two-headed ogre is lightly wounded.
The two-headed ogre hits you with a +0 giant club.
The two-headed ogre barely misses you.
You hit the two-headed ogre.
The two-headed ogre is lightly wounded.
You completely miss the two-headed ogre.
The two-headed ogre is lightly wounded.
You block the two-headed ogre's attack. x2
You sock the two-headed ogre!
The two-headed ogre is moderately wounded.
You block the two-headed ogre's attack. x2
You sock the two-headed ogre!
The two-headed ogre is heavily wounded.
You sock the two-headed ogre!
The two-headed ogre is heavily wounded.
The two-headed ogre barely misses you.
The two-headed ogre hits you with a +0 giant spiked club!!
* * * LOW HITPOINT WARNING * * *
You hit the two-headed ogre but do no damage.
The two-headed ogre is heavily wounded.
You barely miss the two-headed ogre.
The two-headed ogre is heavily wounded.
The two-headed ogre hits you with a +0 giant club!
You die...
Your body crumbles into a pile of gold.

▓▓▓ ▓▓▓ ..#### ##.##### ####
$ $ $ $ .....#####..#___#
#__# $$ $$ ......#..#..#...#
#._#$$ $
.##...#..#..###'#+###)## $
.###..##'#..#...)......# $
#.##..###...'.⌠.@O.....# $
.##.)####...#...######'# $$
$ .##..###....#.⌠.#__#...# #
# ##...##.....#...#__#...#
.#.#
#....#.)....#)###__#...##
#..
#..##.#.....#.).#__#...'##.#
#.. ####....#___#__'...#.).#
▓▓▓ ▓▓▓▓▓▓▓▓▓▓▓▓▓▓▓▓▓▓▓▓▓


You could see a two-headed ogre.

Vanquished Creatures
  A deep elf pyromancer (D)
  A shadow (D)
  A spatial vortex (D)
  A necrophage (D)
  3 two-headed ogres (D)
  A water elemental (D)
  A jelly (D)
  Crazy Yiuf (D)
  Jessica (D)
  A necromancer (D)
  A human (D)
  A kobold demonologist (D)
  2 endoplasms (D)
  A rat (D)
17 creatures vanquished.

Vanquished Creatures (others)
  A wizard (D)
1 creature vanquished.

Grand Total: 18 creatures vanquished

Notes
Turn   | Place    | Note
-------+----------+-------------------------------------------
     0 | D        | mhtbhm the Gargoyle Fighter began the quest for the Orb.
     0 | D        | Reached XP level 1. HP: 14/14 MP: 1/1
   112 | D        | Noticed Jessica
   120 | D        | Killed Jessica
   121 | D        | Reached XP level 2. HP: 20/20 MP: 2/2
   121 | D        | Reached XP level 3. HP: 25/25 MP: 3/3
   162 | D        | Reached skill level 5 in Fighting
   162 | D        | Reached skill level 3 in Maces & Flails
   162 | D        | Reached skill level 5 in Armour
   162 | D        | Reached skill level 5 in Shields
   387 | D        | Noticed Crazy Yiuf
   392 | D        | Killed Crazy Yiuf
   393 | D        | Reached XP level 4. HP: 8/32 MP: 0/4
   632 | D        | Gained mutation: Your large and strong wings let you fly.
                  | [potion of mutation]
   632 | D        | Gained mutation: Your muscles are strong. (Str +2) [potion
                  | of mutation]
   632 | D        | Gained mutation: You tend to lose your temper in combat.
                  | [potion of mutation]
   635 | D        | Noticed a water elemental
   639 | D        | Killed a water elemental
   640 | D        | Reached skill level 4 in Maces & Flails
   640 | D        | Reached XP level 5. HP: 35/37 MP: 5/5
   748 | D        | Found a basalt altar of Yredelemnul.
   748 | D        | Found a shadowy altar of Dithmenos.
   748 | D        | Found a sacrificial altar of Ru.
   748 | D        | Noticed a necrophage
   755 | D        | Killed a necrophage
   756 | D        | Reached skill level 6 in Maces & Flails
   773 | D        | Reached XP level 6. HP: 44/44 MP: 6/6
   882 | D        | Noticed a shadow
   889 | D        | Killed a shadow
   890 | D        | Reached skill level 8 in Maces & Flails
   890 | D        | Reached skill level 1 in Dodging
   890 | D        | Reached skill level 1 in Stealth
   895 | D        | Found a blossoming altar of Fedhas.
   895 | D        | Found a stormy altar of Qazlal.
   895 | D        | Found a snail-covered altar of Cheibriados.
   895 | D        | Found a burning altar of Makhleb.
   895 | D        | Found a shimmering altar of Xom.
   895 | D        | Noticed a spatial vortex
   896 | D        | Found a hazy altar of Hepliaklqana.
   896 | D        | Found an opulent altar of Gozag.
   896 | D        | Found a sparkling altar of Nemelex Xobeh.
   896 | D        | Found a corrupted altar of Lugonu.
   896 | D        | Found a viscous altar of Jiyva.
   906 | D        | Killed a spatial vortex
   907 | D        | Reached skill level 9 in Maces & Flails
   907 | D        | Reached XP level 7. HP: 40/50 MP: 7/7
   912 | D        | Became a worshipper of Gozag Ym Sagoz the Greedy
   990 | D        | Found a radiant altar of Vehumet.
   990 | D        | Found a shimmering blue altar of Sif Muna.
   990 | D        | Found an ancient bone altar of Kikubaaqudgha.
   996 | D        | Noticed a hellwing
  1131 | D        | Found a glowing silver altar of Zin.
  1131 | D        | Found a glowing golden altar of the Shining One.
  1131 | D        | Found a white marble altar of Elyvilon.
  1132 | D        | Noticed a deep elf pyromancer
  1142 | D        | Killed a deep elf pyromancer
  1143 | D        | Reached skill level 11 in Maces & Flails
  1143 | D        | Reached XP level 8. HP: 25/56 MP: 8/8
  1365 | D        | Reached skill level 10 in Armour
  1382 | D        | Noticed a two-headed ogre
  1405 | D        | Slain by a two-headed ogre

Illustrated notes

Levels and vault maps discovered:
D:        dungeon_sprint_mu [sprint_mu_entry_cave, sprint_mu_temple_rooms,
          sprint_mu_d1_spiders, sprint_mu_d2_genie, sprint_mu_d3_branching,
          sprint_mu_orc_legion, sprint_mu_elf_gauntlet, sprint_mu_hive_nellie,
          sprint_mu_lair_fedhas, sprint_mu_vaults_butterflies,
          sprint_mu_slime_circle, sprint_mu_shoals_kraken,
          sprint_mu_snake_twists, sprint_mu_blade_basic, sprint_mu_crypt_lich,
          sprint_mu_tomb_spiral, sprint_mu_vestibule_basic,
          sprint_mu_gehenna_hellfire, sprint_mu_dis_giant,
          sprint_mu_tartarus_statrot, sprint_mu_cocytus_islands, sprint_mu_zot1]

Skill      XL: |  1  2  3  4  5  6  7  8 |
---------------+-------------------------+-----
Fighting       | 4 5 6 7 8 9 |  9.6
Armour         | 4 5 6 7 8 9 10 | 10.0
Shields        | 4 5 6 7 8 |  8.2
Maces & Flails | 3 4 6 9 11 | 11.7
Dodging        | 1 2 |  2.1
Stealth        | 1 2 |  2.2
Evocations     | |  0.4

Action                   |  1- 3 |  4- 6 |  7- 9 || total
-------------------------+-------+-------+-------++-------
Melee: Flail             |    30 |    43 |    59 ||   132
Evoke: Phial of floods   |       |       |     1 ||     1
  Use: Potion            |     1 |     3 |     4 ||     8
       Scroll            |       |     2 |       ||     2
Armor: Scale mail        |     7 |    11 |     4 ||    22
Dodge: Dodged            |    10 |    11 |    29 ||    50
Block: Buckler           |     5 |     4 |    15 ||    24

Table legend: (Time is in decaauts)
 A = Elapsed time spent in this place.
 B = Non-inter-level travel time spent in this place.
 C = Inter-level travel time spent in this place.
 D = Time resting spent in this place.
 E = Time spent auto-exploring this place.
 F = Levels seen in this place.
 G = Mean time per level.
                   A        B        C        D        E       F      G
               +--------+--------+--------+--------+--------+-----+--------+
         Total |   1422 |   1422 |      0 |    986 |     98 |   1 | 1422.0 |
       Dungeon |   1422 |   1422 |      0 |    986 |     98 |   1 | 1422.0 |
               +--------+--------+--------+--------+--------+-----+--------+

Top non-repeatable levels by time:
       D: 1422 daAuts
